 Dungeon Crawl Stone Soup version 0.30-a0-723-gc1506a1cf0 (webtiles) character file.

Game seed: 10677256404495148205

88 Leeroy the Grasshopper (level 4, -6/38 HPs)
             Began as a Gnoll Warper on Jan 28, 2023.
             Mangled by a gnoll
             ... wielding a +0 whip
              (9 damage)
             ... on level 2 of the Dungeon.
             The game lasted 00:01:57 (1253 turns).

Leeroy the Grasshopper (Gnoll Warper)               Turns: 1253, Time: 00:01:58

Health: -6/38      AC:  5    Str: 10    XL:     4   Next: 54%
Magic:  16/20      EV: 13    Int: 13    God:
Gold:   140        SH:  0    Dex: 13    Spells: 2/13 levels left

rFire   . . .      SeeInvis .    a - +0 falchion
rCold   . . .      Faith    .    (no shield)
rNeg    . . .      Spirit   .    b - +0 leather armour
rPois   .          Reflect  .    (no helmet)
rElec   .          Harm     .    f - +1 cloak
rCorr   .          Rampage  .    (no gloves)
Will    .....                    (no boots)
Stlth   +                        (no amulet)
HPRegen 0.26/turn                l - ring of magical power
MPRegen 0.17/turn                (no ring)

@: no status effects
A: fangs 1, strong nose, distributed training
a: no special abilities


You were on level 2 of the Dungeon.
You visited 1 branch of the dungeon, and saw 2 of its levels.

You collected 140 gold pieces.

Inventory:

Hand Weapons
 a - a +0 falchion (weapon)
Missiles
 d - 7 boomerangs of dispersal (quivered)
 g - 2 poisoned darts
Armour
 b - a +0 leather armour (worn)
 f - a +1 cloak (worn)
Jewellery
 l - a ring of magical power (left hand)
Scrolls
 c - 2 scrolls of blinking
 k - a scroll of fog
Potions
 e - a potion of flight
 h - a potion of degeneration {unknown}
 i - a potion of brilliance {unknown}
 j - 3 potions of curing
 m - a potion of lignification {unknown}


   Skills:
 + Level 4.7 Fighting
 + Level 1.2 Short Blades
 + Level 4.7 Long Blades
 + Level 1.2 Axes
 + Level 1.2 Maces & Flails
 + Level 1.2 Polearms
 + Level 1.2 Staves
 + Level 1.2 Ranged Weapons
 + Level 2.8 Throwing
 + Level 2.8 Armour
 + Level 4.7 Dodging
 + Level 1.2 Stealth
 + Level 1.2 Shields
 + Level 1.2 Unarmed Combat
 + Level 5.1 Spellcasting
 + Level 1.0 Conjurations
 + Level 1.0 Hexes
 + Level 1.0 Summonings
 + Level 1.0 Necromancy
 + Level 5.5 Translocations
 + Level 1.0 Transmutations
 + Level 1.0 Fire Magic
 + Level 1.0 Ice Magic
 + Level 1.0 Air Magic
 + Level 1.0 Earth Magic
 + Level 1.0 Poison Magic
 + Level 1.3 Invocations
 + Level 1.2 Evocations


You had 2 spell levels left.
You knew the following spells:

 Your Spells              Type           Power      Damage    Failure   Level
a - Blink                 Tloc           34%        N/A       3%          2
b - Teleport Other        Tloc           17%        N/A       8%          3
c - Vhi's Electric Charg  Tloc/Air       22%        N/A       19%         3
d - Kindle Blastsparks    Fire/Tloc/Air  18%        2d11      26%         3

Your spell library contained the following spells:

 Spells                   Type           Power      Damage    Failure   Level
 Lesser Beckoning         Tloc           34%        N/A       3%          2
 Magic Dart               Conj           20%        1d4       16%         1
 Call Imp                 Summ           5%         N/A       24%         2
 Manifold Assault         Tloc           17%        N/A       26%         4
 Ignite Poison            Fire/Tmut/Pois 5%         N/A       43%         3
 Mephitic Cloud           Conj/Pois/Air  5%         N/A       43%         3
 Freezing Cloud           Conj/Ice/Air   2%         6-21      99%         5


Dungeon Overview and Level Annotations

Branches:
Dungeon (2/15)

Altars:


Innate Abilities, Weirdness & Mutations

You have very sharp teeth.
Your uncanny sense of smell can sniff out nearby items.
Your experience applies equally to all skills.


Message History

You closely miss the gnoll.
The gnoll is almost dead.
The gnoll closely misses you. The gnoll hits you with a +0 club.
The gnoll hits you with a +0 whip.
You closely miss the gnoll. You punch the gnoll, but do no damage.
The gnoll is almost dead.
The gnoll closely misses you. The gnoll barely misses you. x2
You completely miss the gnoll. You bite the gnoll, but do no damage.
The gnoll is almost dead.
The gnoll closely misses you. x2; The gnoll hits you with a +0 flail.
You closely miss the gnoll.
The gnoll is almost dead.
The gnoll misses you. The gnoll hits you but does no damage.
The gnoll completely misses you.
You barely miss the gnoll.
The gnoll is almost dead.
The gnoll hits you but does no damage. The gnoll barely misses you. x2
You barely miss the gnoll. You bite the gnoll.
You kill the gnoll!
The gnoll hits you with a +0 flail. The gnoll hits you with a +0 whip.
* * * LOW HITPOINT WARNING * * *
Casting: Vhi's Electric Charge (quite dangerous; 19% risk of failure)
Confirm with . or Enter, or press ? or * to list all spells.
You blink.
The gnoll attacks as you move away! The gnoll barely misses you.
There is a stone staircase leading down here.
Found a robe.
You feel stable enough to blink again. The gnoll attacks as you move away!
The gnoll hits you but does no damage.
Casting: Blink (safe; 3% risk of failure)
Confirm with . or Enter, or press ? or * to list all spells.
You blink.
The gnoll hits you with a +0 whip.
* * * LOW HITPOINT WARNING * * *
The gnoll attacks as you move away! The gnoll hits you with a +0 flail.
* * * LOW HITPOINT WARNING * * *
The gnoll attacks as you move away! The gnoll barely misses you.
You feel stable enough to blink again. The gnoll attacks as you move away!
The gnoll hits you with a +0 whip!
You die...

.....###..................#
.......#................#
#...#................#
##+####....................#
...........................###
.........#........#+##........
.........#....................
.........#......)g.>..).......
##+#.....#......@g............
#.#.....#.....#.........#####
#.#.....#######.......###
#.'.....# #########
####.....### ............
###.######## #.# #.#


You could see 2 gnolls.

Vanquished Creatures
  4 gnolls
  An adder (D:1)
  4 bats
  4 endoplasms
  A giant cockroach (D:1)
  2 goblins (D:1)
  5 hobgoblins
  5 kobolds
  4 quokkas (D:1)
  4 ball pythons (D:1)
  2 frilled lizards (D:1)
  3 rats (D:1)
39 creatures vanquished.

Notes
Turn   | Place    | Note
-------+----------+-------------------------------------------
     0 | D:1      | Leeroy the Gnoll Warper began the quest for the Orb.
     0 | D:1      | Reached XP level 1. HP: 20/20 MP: 6/6
   153 | D:1      | Reached XP level 2. HP: 26/26 MP: 7/7
   514 | D:1      | Reached skill level 5 in Spellcasting
   514 | D:1      | Reached XP level 3. HP: 19/31 MP: 7/9
   835 | D:2      | Reached skill level 1 in Invocations
   978 | D:1      | Reached skill level 1 in Short Blades
   978 | D:1      | Reached skill level 1 in Axes
   978 | D:1      | Reached skill level 1 in Maces & Flails
   978 | D:1      | Reached skill level 1 in Polearms
   978 | D:1      | Reached skill level 1 in Staves
   978 | D:1      | Reached skill level 1 in Ranged Weapons
   978 | D:1      | Reached skill level 1 in Stealth
   978 | D:1      | Reached skill level 1 in Shields
   978 | D:1      | Reached skill level 1 in Unarmed Combat
   978 | D:1      | Reached skill level 1 in Evocations
  1098 | D:1      | Learned a level 2 spell: Blink
  1102 | D:1      | Learned a level 3 spell: Teleport Other
  1106 | D:1      | Learned a level 3 spell: Vhi's Electric Charge
  1110 | D:1      | Learned a level 3 spell: Kindle Blastsparks
  1117 | D:2      | Reached XP level 4. HP: 33/38 MP: 11/11
  1228 | D:2      | Reached skill level 1 in Conjurations
  1228 | D:2      | Reached skill level 1 in Hexes
  1228 | D:2      | Reached skill level 1 in Summonings
  1228 | D:2      | Reached skill level 1 in Necromancy
  1228 | D:2      | Reached skill level 1 in Transmutations
  1228 | D:2      | Reached skill level 1 in Fire Magic
  1228 | D:2      | Reached skill level 1 in Ice Magic
  1228 | D:2      | Reached skill level 1 in Air Magic
  1228 | D:2      | Reached skill level 1 in Earth Magic
  1228 | D:2      | Reached skill level 1 in Poison Magic
  1253 | D:2      | Mangled by a gnoll

Illustrated notes

Levels and vault maps discovered:
D:1:      beargit_arrival_greenhouse, layout_basic, minmay_bisected
D:2:      layout_basic

Skill      XL: |  1  2  3  4 |
---------------+-------------+-----
Spellcasting   | 5 |  5.1
Invocations    | 1 |  1.3
Short Blades   | 1 |  1.2
Axes           | 1 |  1.2
Maces & Flails | 1 |  1.2
Polearms       | 1 |  1.2
Staves         | 1 |  1.2
Ranged Weapons | 1 |  1.2
Stealth        | 1 |  1.2
Shields        | 1 |  1.2
Unarmed Combat | 1 |  1.2
Evocations     | 1 |  1.2
Conjurations   | 1 |  1.0
Hexes          | 1 |  1.0
Summonings     | 1 |  1.0
Necromancy     | 1 |  1.0
Transmutations | 1 |  1.0
Fire Magic     | 1 |  1.0
Ice Magic      | 1 |  1.0
Air Magic      | 1 |  1.0
Earth Magic    | 1 |  1.0
Poison Magic   | 1 |  1.0
Fighting       | |  4.7
Long Blades    | |  4.7
Throwing       | |  2.8
Armour         | |  2.8
Dodging        | |  4.7
Translocations | |  5.5

Action                     |  1- 3 |  4- 6 || total
---------------------------+-------+-------++-------
  Melee: Falchion          |   141 |    22 ||   163
         Bite              |     7 |     4 ||    11
         Punch             |     3 |     1 ||     4
   Cast: Vhi's Electric Ch |     1 |     2 ||     3
         Blink             |       |     2 ||     2
    Use: Scroll            |     3 |       ||     3
 Armour: Leather armour    |    50 |     3 ||    53
  Dodge: Dodged            |   104 |    27 ||   131

Table legend: (Time is in decaauts)
 A = Elapsed time spent in this place.
 B = Non-inter-level travel time spent in this place.
 C = Inter-level travel time spent in this place.
 D = Time resting spent in this place.
 E = Time spent auto-exploring this place.
 F = Levels seen in this place.
 G = Mean time per level.
                   A        B        C        D        E       F      G
               +--------+--------+--------+--------+--------+-----+--------+
         Total |   1267 |   1255 |     12 |    102 |    757 |   2 |  633.5 |
       Dungeon |   1267 |   1255 |     12 |    102 |    757 |   2 |  633.5 |
               +--------+--------+--------+--------+--------+-----+--------+

Top non-repeatable levels by time:
     D:1: 941 daAuts
     D:2: 325 daAuts
